[Event "XVII MetLife Najdorf Open 2017"]
[Site "Warsaw"]
[Date "2017.07.17"]
[Round "9"]
[White "Siekanski, Janusz"]
[Black "Deszczynski, Adam"]
[Result "1/2-1/2"]
[ECO "E42"]
[WhiteElo "2287"]
[BlackElo "2380"]
[Annotator "NA"]
[PlyCount "42"]
[EventDate "2017.??.??"]
[EventType "swiss"]
[EventCountry "POL"]
[SourceTitle "playchess.com"]
[Source "ChessBase"]
[SourceQuality "1"]
[TimeControl "40/5400+30:1800+30"]

1. d4 Nf6 2. c4 e6 3. Nc3 Bb4 4. e3 c5 5. Nge2 cxd4 6. exd4 d5 7. a3 Bxc3+ 8. Nxc3 dxc4 9. Bxc4 Nc6 10. Be3 h6 11. d5 exd5 12. Nxd5 Be6 13. Nxf6+ Qxf6 14. Bxe6 Qxe6 15. O-O O-O 16. Qa4 Rfd8 17. Rfd1 a6 18. h3 Rxd1+ 19. Rxd1 Rd8 20. Bb6 Rxd1+ 21. Qxd1 Ne7 1/2-1/2

[Event "XVII MetLife Najdorf Open 2017"]
[Site "Warsaw"]
[Date "2017.07.17"]
[Round "9"]
[White "Othman A, A. Moussa"]
[Black "Reza, Wojciech"]
[Result "1/2-1/2"]
[ECO "E05"]
[WhiteElo "2277"]
[BlackElo "2258"]
[Annotator "NA"]
[PlyCount "37"]
[EventDate "2017.??.??"]
[EventType "swiss"]
[EventCountry "POL"]
[SourceTitle "playchess.com"]
[Source "ChessBase"]
[SourceQuality "1"]
[TimeControl "40/5400+30:1800+30"]

1. d4 Nf6 2. c4 e6 3. g3 d5 4. Bg2 Be7 5. Nf3 O-O 6. O-O dxc4 7. Qc2 a6 8. a4 Bd7 9. Ne5 Bc6 10. Nxc6 Nxc6 11. e3 Na5 12. Nd2 c5 13. Nxc4 cxd4 14. Nxa5 Qxa5 15. Bd2 Bb4 16. Bxb4 Qxb4 17. exd4 Rac8 18. Qe2 Rc4 19. Bxb7 1/2-1/2

[Event "XVII MetLife Najdorf Open 2017"]
[Site "Warsaw"]
[Date "2017.07.17"]
[Round "9"]
[White "Chylewski, Patryk"]
[Black "Dmochowska, Agnieszka"]
[Result "1/2-1/2"]
[ECO "D56"]
[WhiteElo "2275"]
[BlackElo "2202"]
[Annotator "NA"]
[PlyCount "48"]
[EventDate "2017.??.??"]
[EventType "swiss"]
[EventCountry "POL"]
[SourceTitle "playchess.com"]
[Source "ChessBase"]
[SourceQuality "1"]
[TimeControl "40/5400+30:1800+30"]

1. d4 Nf6 2. c4 e6 3. Nf3 d5 4. Nc3 Be7 5. Bg5 h6 6. Bh4 Ne4 7. Bxe7 Qxe7 8. e3 O-O 9. Qc2 Nxc3 10. Qxc3 c6 11. Bd3 b6 12. O-O Bb7 13. cxd5 exd5 14. Ne5 c5 15. dxc5 bxc5 16. Bb5 Na6 17. Nc6 Qe6 18. Na5 $11 Qb6 19. Bxa6 Bxa6 20. Rfc1 Rac8 21. Nb3 Bc4 22. Nd2 Ba6 23. Nb3 Bc4 24. Nd2 Ba6 1/2-1/2

[Event "XVII MetLife Najdorf Open 2017"]
[Site "Warsaw"]
[Date "2017.07.17"]
[Round "9"]
[White "Pranav, Vijay"]
[Black "Paszewski, Mateusz"]
[Result "1/2-1/2"]
[ECO "A04"]
[WhiteElo "2265"]
[BlackElo "2323"]
[Annotator "NA"]
[PlyCount "81"]
[EventDate "2017.??.??"]
[EventType "swiss"]
[EventCountry "POL"]
[SourceTitle "playchess.com"]
[Source "ChessBase"]
[SourceQuality "1"]
[TimeControl "40/5400+30:1800+30"]

1. Nf3 c5 2. g3 Nc6 3. Bg2 g6 4. O-O Bg7 5. d3 d6 6. e4 e5 7. c3 Nge7 8. Na3 O-O 9. Be3 Kh8 {[%emt 0:19:12] A04: Unusual lines after 1 Nf3 and King's Indian Attack} (9... b6 10. Re1 h6 11. d4 exd4 12. cxd4 Bg4 13. Nc2 d5 14. exd5 Nxd5 15. dxc5 Bxb2 16. Bxh6 Nc3 17. Qxd8 Rfxd8 {1-0 (30) Vachier Lagrave,M (2758)-Perunovic,M (2622) Berlin 2015}) 10. d4 exd4 11. cxd4 Bg4 $146 ({Predecessor:} 11... d5 12. exd5 Nxd5 13. Bg5 f6 14. Bc1 cxd4 15. Nxd4 f5 16. Nxc6 bxc6 17. Qc2 {1-0 (42) Umbach,A (2306)-Wirthensohn,H (2324) Switzerland 2012}) 12. dxc5 Bxb2 13. Nc4 Bxa1 14. Qxa1+ f6 15. cxd6 Ng8 (15... Nc8 $16 {might work better.}) 16. Qb2 Rb8 17. Bf4 Be6 18. Ne3 h6 19. h4 Qd7 20. Rd1 Kh7 21. Nd5 Bg4 22. Rd3 g5 23. hxg5 hxg5 {[%emt 0:00:05] [#]} 24. Nxf6+ $18 Nxf6 25. Nxg5+ Kg6 26. e5 Rbe8 27. Re3 Nh5 28. Be4+ Bf5 29. e6 Qg7 30. Bxf5+ Rxf5 31. d7 Rg8 32. Qxb7 Nxf4 33. gxf4 Rxg5+ 34. fxg5 Qa1+ 35. Kg2 Rh8 36. Rh3 Rxh3 37. Kxh3 Qh1+ 38. Kg3 Qg1+ 39. Kh3 Qh1+ 40. Kg3 Qg1+ 41. Kh3 1/2-1/2

[Event "XVII MetLife Najdorf Open 2017"]
[Site "Warsaw"]
[Date "2017.07.17"]
[Round "9"]
[White "Nowicki, Bartosz"]
[Black "Sliwicka, Alicja"]
[Result "1-0"]
[ECO "B42"]
[WhiteElo "2262"]
[BlackElo "2164"]
[Annotator "NA"]
[PlyCount "103"]
[EventDate "2017.??.??"]
[EventType "swiss"]
[EventCountry "POL"]
[SourceTitle "playchess.com"]
[Source "ChessBase"]
[SourceQuality "1"]
[TimeControl "40/5400+30:1800+30"]

1. e4 c5 2. Nf3 e6 3. d4 cxd4 4. Nxd4 a6 5. Bd3 Nf6 6. Qe2 d6 7. O-O Qc7 8. c4 g6 9. b3 Bg7 10. Bb2 O-O 11. Kh1 {[%emt 0:00:49] B42: Sicilian: Kan Variation: 5 Bd3} Nbd7 12. f4 b6 13. Nf3 Bb7 14. Nbd2 {[%emt 0:00:34] [#]} Rfe8 $146 ({Predecessor:} 14... Rad8 15. Rae1 e5 16. f5 Nc5 17. Bb1 b5 18. b4 Na4 {0-1 (41) Kanovsky,D (2368)-Kalod,R (2512) Brno 2006}) 15. Rae1 Rad8 16. Bb1 Nc5 17. e5 Nh5 18. Ng5 Qe7 19. Nde4 Nxe4 20. Nxe4 Bxe4 21. Bxe4 dxe5 $14 22. fxe5 Bh6 23. Qf3 Rf8 24. g4 Nf4 25. Bc1 g5 26. Qf2 Nd3 27. Bxd3 Rxd3 28. Qxb6 Qd7 29. Ba3 Rd8 30. Bd6 a5 31. c5 Rc8 32. Rc1 Rc6 33. Qxa5 Bg7 34. Qa8+ Rc8 35. Qe4 Rd5 36. b4 Qc6 37. Qf3 Qb7 38. c6 Rxc6 39. Rxc6 Qxc6 40. Qxf7+ Kh8 41. Qf3 h6 42. Bf8 Bxe5 43. Bxh6 Rd6 44. Qxc6 Rxc6 45. Bxg5 Rc4 46. Bf6+ Bxf6 47. Rxf6 Rxg4 48. a3 Re4 49. Rf3 Rd4 50. Rb3 e5 51. b5 e4 52. b6 1-0

[Event "XVII MetLife Najdorf Open 2017"]
[Site "Warsaw"]
[Date "2017.07.17"]
[Round "9"]
[White "Zlatin, Alexander"]
[Black "Domanski, Lukasz"]
[Result "1-0"]
[ECO "C24"]
[WhiteElo "2259"]
[BlackElo "2113"]
[Annotator "NA"]
[PlyCount "47"]
[EventDate "2017.??.??"]
[EventType "swiss"]
[EventCountry "POL"]
[SourceTitle "playchess.com"]
[Source "ChessBase"]
[SourceQuality "1"]
[TimeControl "40/5400+30:1800+30"]

1. e4 e5 2. Nf3 d6 3. Bc4 Be7 4. h3 Nf6 5. d3 O-O 6. c3 c6 7. Bb3 Nbd7 8. Be3 Qc7 9. g4 Nc5 10. Bxc5 dxc5 11. Nbd2 $17 b5 12. Qe2 a5 13. Nf1 Ba6 14. a4 Rab8 15. Ng3 Rfd8 16. Ng5 c4 17. dxc4 h6 18. Nxf7 Kxf7 19. cxb5+ Kg6 20. Qc4 Bc8 21. g5 Rf8 22. gxf6 Rxf6 23. Rg1 Be6 24. Nh5+ 1-0

[Event "XVII MetLife Najdorf Open 2017"]
[Site "Warsaw"]
[Date "2017.07.17"]
[Round "9"]
[White "Adamski, Jan"]
[Black "Sieber, Fiona"]
[Result "1/2-1/2"]
[ECO "A13"]
[WhiteElo "2250"]
[BlackElo "2287"]
[Annotator "NA"]
[PlyCount "56"]
[EventDate "2017.??.??"]
[EventType "swiss"]
[EventCountry "POL"]
[SourceTitle "playchess.com"]
[Source "ChessBase"]
[SourceQuality "1"]
[TimeControl "40/5400+30:1800+30"]

1. Nf3 Nf6 2. c4 e6 3. g3 d5 4. Bg2 dxc4 5. Qa4+ c6 6. Qxc4 b5 {[%emt 0:00:09] A13: English Opening: 1...e6} 7. Qb3 Bb7 8. O-O Nbd7 9. d4 a6 10. Ne5 Nxe5 11. dxe5 Nd5 12. Nc3 Be7 13. Rd1 Qb8 {[%emt 0:04:14] [#]} 14. Nxd5 $146 ({Predecessor:} 14. Ne4 Qxe5 {½-½ (30) Mareco,S (2599)-Peralta,F (2560) Buenos Aires 2015}) 14... cxd5 15. Bf4 O-O 16. e4 dxe4 17. Qe3 h6 18. Rd7 ({Don't play} 18. Bxe4 g5 $17) 18... Bd8 19. Bxe4 Bc8 $2 (19... Bxe4 $11 20. Qxe4 Ra7) 20. Rxd8 Rxd8 21. Bxh6 gxh6 22. Qxh6 $18 Rd7 23. Bh7+ Kh8 24. Bg6+ Kg8 25. Bh7+ Kh8 26. Be4+ Kg8 27. Bh7+ Kh8 28. Be4+ Kg8 1/2-1/2

[Event "XVII MetLife Najdorf Open 2017"]
[Site "Warsaw"]
[Date "2017.07.17"]
[Round "9"]
[White "Zochowski, Kacper"]
[Black "Kucza, Karol"]
[Result "0-1"]
[ECO "C60"]
[WhiteElo "2240"]
[BlackElo "2297"]
[Annotator "NA"]
[PlyCount "60"]
[EventDate "2017.??.??"]
[EventType "swiss"]
[EventCountry "POL"]
[SourceTitle "playchess.com"]
[Source "ChessBase"]
[SourceQuality "1"]
[TimeControl "40/5400+30:1800+30"]

1. e4 e5 2. Nf3 Nc6 3. Bb5 a6 4. Ba4 Nge7 5. O-O g6 6. c3 Bg7 7. d4 exd4 8. cxd4 b5 {[%emt 0:00:15] C60: Ruy Lopez: Unusual Black 3rd moves and 3...g6} 9. Bb3 (9. Bc2 O-O 10. d5 Na5 11. Nbd2 d6 12. Rb1 c6 13. b4 Nb7 14. dxc6 Nxc6 15. Bb2 Bxb2 16. Rxb2 {0-1 (45) Bok,B (2598)-Grischuk,A (2737) Doha 2016}) 9... O-O 10. Nc3 Na5 11. Bc2 d6 12. b3 Bg4 13. Ne2 $146 ({Predecessor:} 13. Be3 c5 {½-½ (40) Sadikhov,U (2383)-Marholev,D (2225) Cesme 2016}) 13... c5 14. Bb2 Nac6 15. Rb1 Bxf3 16. gxf3 Nxd4 17. Nxd4 Bxd4 18. Bxd4 cxd4 19. Qxd4 Nc6 20. Qe3 Rc8 21. Rbd1 Qf6 $11 22. Bd3 Rfe8 23. Be2 Nb4 24. Qd4 Qg5+ 25. Kh1 Nxa2 26. Qxd6 Nc3 27. Qd2 Qh4 28. Rde1 Rc5 29. Qd6 Rg5 30. Bd1 Nxd1 0-1

[Event "XVII MetLife Najdorf Open 2017"]
[Site "Warsaw"]
[Date "2017.07.17"]
[Round "9"]
[White "Sahil, Tickoo"]
[Black "Paramzina, Anastasya"]
[Result "1-0"]
[ECO "E32"]
[WhiteElo "2234"]
[BlackElo "2166"]
[Annotator "NA"]
[PlyCount "129"]
[EventDate "2017.??.??"]
[EventType "swiss"]
[EventCountry "POL"]
[SourceTitle "playchess.com"]
[Source "ChessBase"]
[SourceQuality "1"]
[TimeControl "40/5400+30:1800+30"]

1. d4 Nf6 2. c4 e6 3. Nc3 Bb4 4. Qc2 d5 5. a3 Bxc3+ 6. Qxc3 O-O 7. Nf3 dxc4 8. Qxc4 b6 9. Bg5 Ba6 10. Qa4 Bb7 11. e3 Nbd7 12. Be2 h6 13. Bh4 c5 14. O-O cxd4 15. Qxd4 g5 16. Bg3 Ne4 17. Rad1 Ndc5 18. b4 Na4 19. Qa1 Bd5 20. Be5 f6 21. Bb5 g4 22. Nd2 Nxd2 23. Rxd2 fxe5 24. Bxa4 Qg5 25. Qb2 Rf5 26. Bb3 e4 27. Rc1 Qg7 28. Qxg7+ Kxg7 29. Rc7+ Kf6 30. Bxd5 Rxd5 31. Rxd5 exd5 32. Rc6+ Kg5 33. Rd6 Rc8 34. Rxd5+ Kf6 35. g3 Rc1+ 36. Kg2 Ra1 37. Rd6+ Kf5 38. Rxh6 Rxa3 39. Rh5+ Kf6 40. h3 gxh3+ 41. Kxh3 Ra4 42. b5 Ra2 43. Kg2 Ke6 44. g4 Ra1 45. Rf5 a5 46. bxa6 Rxa6 47. Rb5 Kd6 48. Kg3 Kc6 49. Rb4 Kd5 50. g5 Kc5 51. Rxe4 b5 52. Re5+ Kc4 53. Re8 Rb6 54. f4 b4 55. f5 b3 56. Rc8+ Kd3 57. Rc1 b2 58. Rb1 Kxe3 59. g6 Rb8 60. Kg4 Ke4 61. g7 Ke5 62. Kg5 Rb3 63. Re1+ Kd6 64. Kf6 Rb8 65. Rd1+ {[%emt 0:00:09] Kd5} 1-0

[Event "XVII MetLife Najdorf Open 2017"]
[Site "Warsaw"]
[Date "2017.07.17"]
[Round "9"]
[White "Khalafova, Narmin"]
[Black "Schroeder, Kevin"]
[Result "1-0"]
[ECO "A40"]
[WhiteElo "2224"]
[BlackElo "2321"]
[Annotator "NA"]
[PlyCount "111"]
[EventDate "2017.??.??"]
[EventType "swiss"]
[EventCountry "POL"]
[SourceTitle "playchess.com"]
[Source "ChessBase"]
[SourceQuality "1"]
[TimeControl "40/5400+30:1800+30"]

1. d4 c6 2. Nf3 g6 3. Bf4 {[%emt 0:00:43] A40: Unusual replies to 1 d4} (3. e4 Bg7 4. Nc3 d6 5. Be2 Nf6 6. O-O O-O 7. a4 Nbd7 8. Be3 e5 9. dxe5 dxe5 10. Nd2 Qe7 11. Nc4 Nc5 12. Qd6 Qxd6 13. Nxd6 Ne6 14. Rfd1 Nd4 15. Bxd4 exd4 16. Rxd4 Nd7 17. Rdd1 Nc5 18. a5 Rd8 {1-0 (46) Potkin,V (2625)-Kalashian,D (2380) Yerevan 2014}) 3... Bg7 4. e3 d6 5. h3 Nd7 6. Nbd2 e5 $146 ({Predecessor:} 6... Nh6 7. Be2 O-O 8. c3 Kh8 9. Bh2 f6 10. O-O Nf7 11. Re1 e5 12. dxe5 dxe5 13. Nc4 {½-½ (31) Zatko,G (2148)-Kovacocy,P (2221) Slovakia 2012}) 7. Bh2 Qe7 8. Nc4 Nb6 9. Nxb6 axb6 10. Be2 Nh6 11. c3 O-O 12. a4 Nf5 13. O-O Re8 14. Re1 Nh4 15. Nxh4 Qxh4 16. Qb3 Qd8 17. Bc4 Qc7 18. Rad1 Bf5 19. e4 Be6 20. d5 Bc8 21. dxc6 bxc6 22. Rd3 Be6 23. Bxe6 Rxe6 24. Red1 Bf8 25. Qc2 Qb7 26. c4 b5 27. axb5 cxb5 28. Rb3 Rc8 $14 29. Qe2 b4 30. Rd5 Ra8 31. Bg3 Ree8 32. Qd2 Reb8 33. Rf3 b3 34. c5 Ra1+ 35. Kh2 Qa6 36. Rfd3 Rb5 37. Qc3 Rxc5 38. Rxc5 dxc5 39. Bxe5 Rc1 40. Qd2 Rc2 41. Qf4 Qe6 42. Bf6 Rc4 43. Rd8 Rxe4 44. Qb8 Qxf6 45. Rxf8+ Kg7 46. Rg8+ Kh6 47. Qf8+ Kh5 48. Qxc5+ g5 49. g4+ Kh4 50. Kg2 Re2 51. Rb8 Qxb2 52. Rb6 f6 53. Qf5 h5 54. Qf3 Qe5 55. Re6 Re3 56. Qxe3 1-0

[Event "XVII MetLife Najdorf Open 2017"]
[Site "Warsaw"]
[Date "2017.07.17"]
[Round "9"]
[White "Zaleski, Lukasz"]
[Black "Nowak, Kamil"]
[Result "1/2-1/2"]
[ECO "C13"]
[WhiteElo "2220"]
[BlackElo "2362"]
[Annotator "NA"]
[PlyCount "56"]
[EventDate "2017.??.??"]
[EventType "swiss"]
[EventCountry "POL"]
[SourceTitle "playchess.com"]
[Source "ChessBase"]
[SourceQuality "1"]
[TimeControl "40/5400+30:1800+30"]

1. e4 e6 2. d4 d5 3. Nc3 Nf6 4. Bg5 dxe4 5. Nxe4 Be7 6. Nxf6+ Bxf6 7. Bxf6 Qxf6 8. Nf3 O-O 9. Qd2 b6 10. Bb5 $146 {[%emt 0:13:30] C13: French: Classical System: 4 Bg5 Be7, Alekhine-Chatard Attack} ({Predecessor:} 10. O-O-O Bb7 11. Ne5 c5 12. Bb5 a6 13. Be2 b5 14. Bf3 Bxf3 15. gxf3 Rd8 16. Ng4 Qe7 17. Qf4 Nc6 18. dxc5 Qxc5 19. Nh6+ gxh6 20. Rhg1+ Kf8 21. Qxh6+ Ke7 22. Qh4+ Kf8 23. Qh6+ Ke7 {½-½ (23) Bacallao Alonso,Y (2532)-Sadler,M (2625) Barcelona 2011}) 10... Bb7 11. Qe3 a6 12. Bd3 Bxf3 13. gxf3 Nd7 14. Be4 Rad8 15. O-O-O e5 16. dxe5 Nxe5 17. Qc3 Qf4+ 18. Kb1 c5 19. Qb3 b5 20. Qe3 $11 Qxe3 21. fxe3 Nc4 22. Bb7 Nxe3 23. Rxd8 Rxd8 24. Bxa6 b4 25. Re1 Ng2 26. Rf1 Ne3 27. Re1 Ng2 28. Rf1 Ne3 1/2-1/2

[Event "XVII MetLife Najdorf Open 2017"]
[Site "Warsaw"]
[Date "2017.07.17"]
[Round "9"]
[White "Bus, Konrad"]
[Black "Lewicki, Miroslaw"]
[Result "0-1"]
[ECO "A66"]
[WhiteElo "2219"]
[BlackElo "2323"]
[Annotator "NA"]
[PlyCount "112"]
[EventDate "2017.??.??"]
[EventType "swiss"]
[EventCountry "POL"]
[SourceTitle "playchess.com"]
[Source "ChessBase"]
[SourceQuality "1"]
[TimeControl "40/5400+30:1800+30"]

1. d4 Nf6 2. c4 e6 3. Nc3 c5 4. d5 exd5 5. cxd5 d6 6. e4 g6 7. f4 Bg7 8. e5 dxe5 9. fxe5 {[%emt 0:00:20] A66: Modern Benoni: Mikenas Attack} Nh5 (9... Nfd7 10. e6 fxe6 11. dxe6 Qe7 12. Be2 Nb6 13. Nf3 Bxe6 14. Bf4 Bc4 15. O-O Bxe2 16. Nxe2 O-O 17. Kh1 Qe6 {0-1 (30) Worek,J (2342)-Velicka,P (2432) Ostrava 2016}) 10. Nf3 O-O 11. Bg5 f6 12. exf6 $146 ({Predecessor:} 12. Be3 fxe5 13. Bxc5 Re8 14. Ne4 Bg4 15. d6 Nd7 16. Bc4+ Kh8 {1-0 (25) Planas Gene,J-Perez Prieto,G Palma de Mallorca 2003}) 12... Bxf6 13. Qd2 Bxg5 14. Qxg5 Re8+ 15. Be2 Qxg5 16. Nxg5 Nf4 17. Kf2 Nxe2 18. Nxe2 Re5 19. Nf3 Rxd5 20. Nc3 Rf5 21. Rhe1 Nc6 22. Rad1 Rf8 23. Kg3 Bf5 24. Nb5 Rad8 25. Nd6 Bc2 26. Rc1 Rxd6 27. Rxc2 b6 28. Rce2 a5 29. Re6 Rf6 30. Re8+ Kg7 31. h4 h6 32. Rc8 Rf8 33. Rc7+ Rf7 34. Rc8 $1 Ne7 35. Rb8 Nf5+ 36. Kh3 Re7 $11 37. Rxe7+ Nxe7 38. Ne5 h5 39. Rb7 Kf8 40. Nd7+ Ke8 41. Nxb6 Nf5 42. Kh2 Rd4 43. Ra7 Rxh4+ 44. Kg1 Rb4 45. Nd5 Rxb2 46. Rxa5 Rc2 47. Nf4 Kf7 48. Ra7+ Kf6 49. Ra6+ Kg5 50. Nh3+ Kh4 51. Rxg6 Rxa2 52. Kh2 Ne3 53. Ng1 Ng4+ 54. Kh1 Kg3 55. Nh3 Rxg2 56. Nf4 Rh2+ 0-1

[Event "XVII MetLife Najdorf Open 2017"]
[Site "Warsaw"]
[Date "2017.07.17"]
[Round "9"]
[White "Baltic, Fatih"]
[Black "Walter, Szymon"]
[Result "1/2-1/2"]
[ECO "B76"]
[WhiteElo "2210"]
[BlackElo "2220"]
[Annotator "NA"]
[PlyCount "29"]
[EventDate "2017.??.??"]
[EventType "swiss"]
[EventCountry "POL"]
[SourceTitle "playchess.com"]
[Source "ChessBase"]
[SourceQuality "1"]
[TimeControl "40/5400+30:1800+30"]

1. e4 c5 2. Nf3 d6 3. d4 cxd4 4. Nxd4 Nf6 5. Nc3 g6 6. Be3 Bg7 7. Qd2 O-O 8. f3 Nc6 9. O-O-O d5 10. exd5 Nxd5 11. Nxc6 bxc6 12. Bd4 Bxd4 13. Qxd4 Qb6 14. Na4 Qc7 15. h4 1/2-1/2

[Event "XVII MetLife Najdorf Open 2017"]
[Site "Warsaw"]
[Date "2017.07.17"]
[Round "9"]
[White "Godzwon, Iwo"]
[Black "Baasansuren, Erdene"]
[Result "1-0"]
[ECO "B94"]
[WhiteElo "2205"]
[BlackElo "2128"]
[Annotator "NA"]
[PlyCount "95"]
[EventDate "2017.??.??"]
[EventType "swiss"]
[EventCountry "POL"]
[SourceTitle "playchess.com"]
[Source "ChessBase"]
[SourceQuality "1"]
[TimeControl "40/5400+30:1800+30"]

1. e4 c5 2. Nf3 d6 3. d4 cxd4 4. Nxd4 Nf6 5. Nc3 a6 6. Bg5 Nbd7 7. Bc4 Qb6 8. Bb3 e6 9. Qd2 Be7 10. O-O-O Nc5 11. Rhe1 h6 12. Bh4 O-O 13. Qe3 Qc7 14. g4 Nfxe4 15. Bxe7 Nxc3 16. bxc3 Qxe7 17. Nf5 Qc7 18. Nxd6 Bd7 19. Qe5 Qa5 20. Kb1 Nxb3 21. cxb3 Qxe5 22. Rxe5 Bc6 23. Re3 Rfd8 24. Kc1 g5 25. Red3 Kg7 26. Nf5+ exf5 27. Rxd8 Rxd8 28. Rxd8 fxg4 29. c4 f5 30. Kd2 f4 31. Ke1 Bg2 32. Rd7+ Kg6 33. Rd6+ Kg7 34. b4 h5 35. b5 axb5 36. cxb5 h4 37. a4 h3 38. Rd3 Kf6 39. a5 Be4 40. Ra3 Ke5 41. a6 bxa6 42. bxa6 Kd6 43. a7 Ba8 44. Rb3 Kc7 45. Rb8 g3 46. fxg3 fxg3 47. Rxa8 gxh2 48. Rc8+ 1-0

[Event "XVII MetLife Najdorf Open 2017"]
[Site "Warsaw"]
[Date "2017.07.17"]
[Round "9"]
[White "Aditya, Mittal"]
[Black "Miroshnichenko, Pavel"]
[Result "1/2-1/2"]
[ECO "D22"]
[WhiteElo "2203"]
[BlackElo "2294"]
[Annotator "NA"]
[PlyCount "137"]
[EventDate "2017.??.??"]
[EventType "swiss"]
[EventCountry "POL"]
[SourceTitle "playchess.com"]
[Source "ChessBase"]
[SourceQuality "1"]
[TimeControl "40/5400+30:1800+30"]

1. d4 d5 2. c4 dxc4 3. Nf3 Nf6 4. e3 Bg4 5. Bxc4 e6 6. O-O a6 7. h3 Bh5 8. Nbd2 Nc6 {[%emt 0:01:38] D22: Queen's Gambit Accepted: 3 Nf3 a6 4 e3} (8... c5 9. dxc5 Bxc5 10. b3 O-O 11. Bb2 Nbd7 12. Be2 Qe7 13. Nc4 Rfd8 14. Nd4 Bxe2 15. Qxe2 Nb6 16. Na5 Rd5 {½-½ (54) L'Ami,E (2630)-Kunin,V (2568) Netherlands 2015}) 9. b3 Bd6 10. Bb2 Qe7 11. Be2 Ba3 12. Bxa3 Qxa3 13. Nc4 Qe7 14. Nfe5 $146 ({Predecessor:} 14. Qc2 O-O {½-½ (40) Donner,J-Gerusel,M Solingen 1968}) 14... Bxe2 15. Qxe2 Nxe5 16. Nxe5 O-O 17. Rfc1 h6 18. Qc2 c6 19. Qc5 Qd8 20. Nc4 Nd5 21. Qd6 Qg5 22. Kh2 Rad8 23. Qg3 Rfe8 24. Qxg5 hxg5 25. Ne5 f6 26. Nd3 Kf7 27. Nc5 Re7 28. g3 Rc7 29. Kg2 Ne7 30. Ne4 Ng6 31. Rd1 Rd5 32. Nc3 Rdd7 33. Ne4 Ke7 $11 34. Rac1 Rd5 35. Rc5 Rd8 36. Rc2 Ne5 37. Rcd2 Nd7 38. Rh1 Nb6 39. Nc5 a5 40. h4 g4 41. h5 Rh8 42. Rh4 f5 43. e4 Kf7 44. Re2 Rh6 45. f3 gxf3+ 46. Kxf3 Nd7 47. exf5 exf5 48. Rf4 Nf6 49. Ne6 Rd7 50. Ng5+ Kf8 51. Rxf5 Rd5 52. Rxd5 Nxd5 53. Ne6+ Kg8 54. Nd8 Rf6+ 55. Kg2 b5 56. Re6 Rxe6 57. Nxe6 Nc3 58. Nd8 Nxa2 59. Nxc6 a4 60. bxa4 bxa4 61. Kf3 a3 62. d5 Kf8 63. d6 Ke8 64. d7+ Kxd7 65. Ne5+ Ke6 66. Nc4 Kf5 67. Nxa3 Kg5 68. g4 Nb4 69. Ke4 1/2-1/2

[Event "XVII MetLife Najdorf Open 2017"]
[Site "Warsaw"]
[Date "2017.07.17"]
[Round "9"]
[White "Szustakowski, Antoni"]
[Black "Mulet, Piotr"]
[Result "0-1"]
[ECO "D85"]
[WhiteElo "2171"]
[BlackElo "2307"]
[Annotator "NA"]
[PlyCount "106"]
[EventDate "2017.??.??"]
[EventType "swiss"]
[EventCountry "POL"]
[SourceTitle "playchess.com"]
[Source "ChessBase"]
[SourceQuality "1"]
[TimeControl "40/5400+30:1800+30"]

1. d4 Nf6 2. c4 g6 3. Nc3 d5 4. cxd5 Nxd5 5. e4 Nxc3 6. bxc3 Bg7 7. Nf3 c5 8. Be3 O-O 9. Be2 Qa5 10. O-O Nd7 11. Qc2 {[%emt 0:09:00] D85: Exchange Grünfeld: Unusual White 7th moves and lines with 7 Nf3} (11. Qd3 Nb6 12. Nd2 Na4 13. Rac1 Rd8 14. Nb3 Qc7 15. Qc4 Bd7 16. Nxc5 Nxc5 17. dxc5 e5 18. Rb1 Bf8 {1-0 (69) Schekachikhin,M (2347)-Gajewski,G (2621) St Petersburg 2016}) 11... Qc7 $146 ({Predecessor:} 11... a6 12. Nd2 Qc7 13. Rac1 b5 14. f4 Bb7 15. Bf3 Rac8 16. d5 Nb6 17. c4 Bd4 18. Qd3 Bxe3+ 19. Qxe3 {0-1 (77) Aliaga Fernandez,I (2141)-Bakalarz,G (2035) Mallorca 2004}) 12. d5 Nb6 13. Rad1 Bd7 14. Qd2 Na4 15. Rc1 c4 16. Bh6 b5 17. Bxg7 Kxg7 18. Qd4+ f6 19. e5 Qc5 20. Rfd1 Qxd4 21. Rxd4 Rfd8 22. g4 Rac8 23. g5 fxe5 24. Nxe5 Be8 25. Bf3 $11 (25. Bg4 $5 Rc5 26. Be6 $11) 25... Rd6 26. h4 Rc7 27. Bg2 Nc5 28. f4 Ra6 29. Rd2 h5 30. Kf2 Ra3 31. Ke2 Na4 32. Rdc2 Bd7 33. Be4 Bf5 34. Bxf5 gxf5 35. Nc6 Rd7 36. Kf2 Nc5 37. Kg2 Nd3 38. Rf1 Kf8 39. Nd4 Rxd5 40. Ne2 Kg7 41. Rb1 a6 42. Rh1 Kg6 43. Kf1 Nc5 44. Rh3 Rd3 45. Kg2 Ne4 46. Rf3 b4 47. Rf1 Nxc3 48. Nxc3 Raxc3 49. Rff2 Rxc2 50. Rxc2 c3 51. Kf2 a5 52. Re2 a4 53. Rxe7 c2 0-1

[Event "XVII MetLife Najdorf Open 2017"]
[Site "Warsaw"]
[Date "2017.07.17"]
[Round "9"]
[White "Antolak, Julia"]
[Black "Kujawski, Adam"]
[Result "1/2-1/2"]
[ECO "C07"]
[WhiteElo "2144"]
[BlackElo "2300"]
[Annotator "NA"]
[PlyCount "74"]
[EventDate "2017.??.??"]
[EventType "swiss"]
[EventCountry "POL"]
[SourceTitle "playchess.com"]
[Source "ChessBase"]
[SourceQuality "1"]
[TimeControl "40/5400+30:1800+30"]

1. e4 e6 2. d4 d5 3. Nd2 c5 4. exd5 Qxd5 5. Ngf3 cxd4 6. Bc4 Qd6 7. O-O Nf6 8. Nb3 Nc6 9. Nbxd4 Nxd4 10. Nxd4 a6 11. Re1 Bd7 12. c3 Qc7 13. Qe2 O-O-O 14. Be3 h5 15. h3 Bc5 16. b4 Ng4 17. hxg4 hxg4 18. Qxg4 Qh2+ $18 19. Kf1 e5 20. Nf5 Bxe3 21. fxe3 Rh5 22. Bd3 Be6 23. Ne7+ Kc7 24. Bf5 Rd2 25. Re2 Rxf5+ 26. Nxf5 Qh1+ 27. Kf2 Rxe2+ 28. Qxe2 Qxa1 29. Nxg7 Qxa2 30. Nxe6+ Qxe6 31. Qd3 f5 32. c4 e4 33. Qd4 Qg6 34. c5 Kc6 35. Qc4 Qe8 36. Qa2 Kb5 37. Qd5 Qc6 1/2-1/2

[Event "XVII MetLife Najdorf Open 2017"]
[Site "Warsaw"]
[Date "2017.07.17"]
[Round "9"]
[White "Ghadiri, Radmehr"]
[Black "Kowalczyk, Rafal"]
[Result "0-1"]
[ECO "E34"]
[WhiteElo "2125"]
[BlackElo "2240"]
[Annotator "NA"]
[PlyCount "106"]
[EventDate "2017.??.??"]
[EventType "swiss"]
[EventCountry "POL"]
[SourceTitle "playchess.com"]
[Source "ChessBase"]
[SourceQuality "1"]
[TimeControl "40/5400+30:1800+30"]

1. d4 Nf6 2. c4 e6 3. Nc3 Bb4 4. Qc2 d5 5. cxd5 Qxd5 6. Nf3 c5 7. e3 Nc6 8. Bd2 Bxc3 9. Bxc3 cxd4 10. Nxd4 Nxd4 11. Bxd4 Bd7 12. Qc4 O-O 13. Bxf6 Qxc4 14. Bxc4 gxf6 15. Ke2 Rac8 16. Rac1 Bc6 17. Bd3 f5 18. Rhd1 Kg7 19. f3 Kf6 20. Rc3 Rcd8 21. Bc2 Rxd1 22. Bxd1 Rg8 23. g3 h5 24. Bc2 h4 25. Kf2 hxg3+ 26. hxg3 Rh8 27. Kg2 e5 28. e4 fxe4 29. Bxe4 Bxe4 30. fxe4 Rd8 31. Kf3 Rd2 32. Ra3 a6 33. Rb3 b5 34. Ra3 Rd6 35. Rc3 Kg5 36. a3 Rd2 37. Rc6 Rxb2 38. Rxa6 Rb3+ 39. Kf2 Rc3 40. Ra7 f5 41. exf5 Kxf5 42. Ra5 Rb3 43. a4 b4 44. g4+ Kf4 45. g5 Rb2+ 46. Ke1 e4 47. g6 Rg2 48. Rb5 Kf3 49. Rxb4 e3 50. Kd1 e2+ 51. Kd2 Rg1 52. Rb3+ Kf2 53. Re3 Rd1+ 0-1